AoeStats
← 欢乐小菜鸟

Arena

507004175Analyzed
4v4 RM · 15d ago on Sep 16, 2026· 46m 4s· 8 players
Game mode
Random Map
Map size
Large (8 player)
Population
200
Speed
Normal
Resources
Standard
Victory
Conquest
Starting age
Dark Age
Ending age
Imperial Age
RankedLock teamsTeams togetherTeam positionsShared explorationLock speedFull tech treeHidden civsTurbo modeCheats
Victory
Defeat
🇹🇼 Slavs · Taiwan
1078
+12
🇦🇺 Spanish · Australia
1055
+13
🇦🇺 Bohemians · Australia
1003
+15
🇭🇰 Mongols · Hong Kong SAR China
1003
+15
🇸🇪 Celts · Sweden
1071
-17
🇨🇳 Franks · China
990
-14
🇹🇼 Persians · Taiwan
950
-12
🇺🇸 Saracens · United States
935
-12
hqitbkv
0:28 Loom
12:12 Feudal Age
16:32 Castle Age
14:21 Double-Bit Axe
14:47 Horse Collar
17:39 Bow Saw
17:53 Stone Mining
22:09 Stone Shaft Mining
27:10 Gold Mining
28:51 Heavy Plow
30:30 Gold Shaft Mining
33:37 Imperial Age
31:43 Wheelbarrow
31:01 Fletching
31:31 Nomads
31:38 Bodkin Arrow
31:44 Padded Archer Armor
33:43 Thumb Ring
33:49 Bloodlines
33:39 Husbandry
33:57 Leather Archer Armor
34:31 Hand Cart
33:39 Light Cavalry
34:55 Conscription
34:33 Elite Mangudai
36:54 Chemistry
36:15 Ballistics
35:58 Bracer
36:22 Hussar
38:25 Forging
38:20 Scale Barding Armor
38:44 Parthian Tactics
40:12 Iron Casting
42:25 Blast Furnace
41:45 Chain Barding Armor
43:33 Caravan
46:43 Fortified Wall
46:39 Siege Engineers
45:56 Capped Ram
46:59 Drill
popibo
11:17 Feudal Age
9:32 Loom
16:24 Castle Age
14:32 Double-Bit Axe
14:42 Town Watch
14:55 Horse Collar
18:20 Wheelbarrow
17:51 Heavy Plow
22:09 Bow Saw
25:01 Gold Mining
25:02 Stone Mining
29:43 Imperial Age
27:34 Hand Cart
27:31 Scale Barding Armor
27:36 Detinets
28:22 Gold Shaft Mining
28:01 Forging
28:35 Chain Barding Armor
29:54 Iron Casting
30:34 Husbandry
30:44 Bloodlines
31:06 Conscription
31:37 Crop Rotation
31:47 Plate Barding Armor
32:33 Elite Boyar
34:57 Blast Furnace
33:48 Fletching
34:31 Ballistics
34:24 Masonry
35:32 Siege Engineers
35:26 Murder Holes
36:35 Chemistry
44:20 Guard Tower
44:26 Murder Holes
44:42 Fortified Wall
44:33 Bodkin Arrow
Dr. Mantis Toboggan, MD
9:14 Loom
11:15 Feudal Age
12:16 Double-Bit Axe
16:50 Castle Age
17:41 Bow Saw
27:15 Wheelbarrow
29:11 Horse Collar
31:58 Heavy Plow
32:26 Pikeman
33:26 Herbal Medicine
36:13 Forging
36:04 Scale Mail Armor
35:55 Fletching
37:18 Hand Cart
40:56 Squires
45:55 Imperial Age
Jimi
10:24 Feudal Age
12:06 Loom
14:55 Castle Age
13:25 Double-Bit Axe
20:24 Horse Collar
20:57 Bow Saw
23:32 Wheelbarrow
23:05 Gold Mining
33:29 Imperial Age
31:01 Stone Mining
34:34 Conscription
33:35 Elite Conquistador
34:44 Heavy Plow
36:33 Bloodlines
36:23 Husbandry
36:28 Padded Archer Armor
37:17 Stone Shaft Mining
39:38 Leather Archer Armor
40:20 Hand Cart
42:32 Hoardings
42:18 Fletching
45:54 Town Watch
欢乐小菜鸟
12:11 Feudal Age
16:31 Castle Age
14:54 Double-Bit Axe
18:22 Bow Saw
18:49 Wheelbarrow
23:55 Hand Cart
24:37 Loom
31:41 Imperial Age
31:47 Imperial Age
31:28 Town Watch
31:51 Scale Barding Armor
31:50 Stone Mining
31:51 Gold Mining
33:38 Gold Shaft Mining
33:37 Chain Barding Armor
33:16 Cavalier
33:57 Husbandry
34:05 Chivalry
34:25 Conscription
34:39 Pikeman
35:19 Squires
35:05 Gambesons
35:05 Arson
35:29 Scale Mail Armor
35:39 Forging
36:05 Plate Barding Armor
35:35 Halberdier
36:35 Chain Mail Armor
39:16 Plate Mail Armor
39:22 Plate Barding Armor
39:55 Iron Casting
39:11 Fletching
nvda
10:47 Feudal Age
14:34 Castle Age
12:41 Double-Bit Axe
13:12 Horse Collar
15:46 Bow Saw
26:31 Gold Mining
30:20 Imperial Age
27:45 Loom
28:29 Bloodlines
28:27 Husbandry
28:41 Forging
29:05 Scale Barding Armor
29:48 Wheelbarrow
28:48 Light Cavalry
30:10 Iron Casting
30:06 Cavalier
31:13 Chain Barding Armor
31:31 Conscription
31:15 Heavy Plow
31:54 Gold Shaft Mining
31:09 Stone Mining
32:28 Two-Man Saw
32:50 Blast Furnace
31:41 Savar
33:39 Plate Barding Armor
33:59 Fletching
34:12 Kamandaran
34:32 Padded Archer Armor
34:35 Scale Mail Armor
34:05 Crossbowman
34:50 Thumb Ring
35:08 Bodkin Arrow
35:32 Leather Archer Armor
37:45 Chemistry
37:06 Ballistics
38:36 Ring Archer Armor
38:23 Chain Mail Armor
39:38 Hussar
40:52 Plate Mail Armor
41:15 Murder Holes
Mowei
2:55 Loom
6:46 Loom
10:51 Feudal Age
14:05 Double-Bit Axe
16:33 Castle Age
16:31 Horse Collar
18:51 Wheelbarrow
24:43 Bow Saw
25:25 Stone Mining
25:45 Gold Mining
27:07 Scale Mail Armor
27:45 Heavy Plow
27:55 Arson
28:16 Pikeman
30:39 Chain Mail Armor
31:01 Hand Cart
37:26 Imperial Age
38:57 Plate Mail Armor
39:05 Capped Ram
41:10 Halberdier
Ratchet08
10:33 Feudal Age
16:50 Castle Age
14:52 Double-Bit Axe
14:48 Horse Collar
18:14 Bow Saw
21:40 Fletching
23:14 Fortified Wall
27:10 Bloodlines
32:46 Gold Mining
35:12 Bloodlines
35:46 Loom
40:03 Wheelbarrow
41:54 Heavy Plow
Connection lost

Rejoining the realm…

Still unreachable

The connection could not be restored.

Session expired

The server has moved on; the page needs a fresh start.